 Dungeon Crawl Stone Soup version 0.24-a0-439-g6dd8730de2 (webtiles) character file.

Game seed: 13922647970125249579

16 tilp the Grave Robber (level 2, 0/20 HPs)
             Began as a Hill Orc Necromancer on June 18, 2019.
             Slain by an ooze (3 damage)
             ... on level 2 of the Dungeon.
             The game lasted 00:02:03 (704 turns).

tilp the Grave Robber (Hill Orc Necromancer)         Turns: 704, Time: 00:02:04

Health: 0/20       AC:  2    Str: 10    XL:     2   Next: 54%
Magic:  0/4        EV: 12    Int: 15    God:
Gold:   14         SH:  0    Dex: 11    Spells: 2/4 levels left

rFire    . . .     SeeInvis .   a - -2 spear (curse)
rCold    . . .     Gourm    .   (no shield)
rNeg     . . .     Faith    .   b - +0 robe
rPois    .         Spirit   .   (no helmet)
rElec    .         Reflect  .   (no cloak)
rCorr    .         Harm     .   (no gloves)
MR       .....                  (no boots)
Stlth    ++........             (no amulet)
HPRegen  0.06/turn              (no ring)
MPRegen  0.09/turn              (no ring)

@: no status effects
A: no striking features
a: no special abilities


You were on level 2 of the Dungeon.
You were not hungry.

You visited 1 branch of the dungeon, and saw 2 of its levels.

You collected 14 gold pieces.

Inventory:

Hand Weapons
 a - a cursed -2 spear (weapon)
Armour
 b - a +0 robe (worn)
Jewellery
 g - an uncursed ring of ice {unknown}
Scrolls
 d - a scroll of blinking {unknown}
 e - a scroll of remove curse {unknown}
Comestibles
 c - 2 rations
 f - 4 chunks of flesh


   Skills:
 - Level 1.5 Dodging
 - Level 1.5 Stealth
 - Level 1.5 Spellcasting
 + Level 4.6 Necromancy


You had 2 spell levels left.
You knew the following spells:

 Your Spells              Type           Power        Failure   Level  Hunger
a - Pain                  Necr           ###.         3%          1    ##.....
b - Animate Skeleton      Necr           N/A          3%          1    ##.....

Your spell library contained the following spells:

 Spells                   Type           Power        Failure   Level  Hunger
 Vampiric Draining        Necr           ###.......   10%         3    ####...
 Regeneration             Chrm/Necr      #.........   26%         3    ####...
 Animate Dead             Necr           N/A          32%         4    #####..


Dungeon Overview and Level Annotations

Branches:
Dungeon (1/15)

Altars:


Message History

You kill the giant cockroach!
The kobold hits you with a +0 dagger.
Cast which spell? (? or * to list)
Aiming: Pain (safe; 3% risk of failure)
Press: ? - help, Shift-Dir - straight line, f - kobold
Aim: a kobold, wielding a +0 dagger (chance to defeat MR: 85%)
The kobold writhes in agony.
The kobold closely misses you.
You hit the kobold but do no damage.
The kobold is severely wounded.
The kobold hits you with a +0 dagger.
You hit the kobold.
You kill the kobold!
You hit the ooze.
The ooze is moderately wounded.
The ooze hits you.
* * * LOW HITPOINT WARNING * * *
You hit the ooze.
The ooze is heavily wounded.
The ooze hits you.
You die...

#..#.# #...[#
#.#..#
#####.#..###.
+.......>....
..#####.#.####.
#$.$...#..#
#.#.......#
#.##@##..# #.
#J# .#
##.$#(......
....# #.####.
###.. .# #. .
.. .. ## ##


You could see an ooze.

Vanquished Creatures
  A dart slug (D:1)
  A leopard gecko (D:1)
  4 bats
  3 giant cockroaches
  A frilled lizard (D:1)
  A kobold (D:2)
11 creatures vanquished.

Notes
Turn   | Place    | Note
-------+----------+-------------------------------------------
     0 | D:1      | tilp the Hill Orc Necromancer began the quest for the Orb.
     0 | D:1      | Reached XP level 1. HP: 14/14 MP: 3/3
     3 | D:1      | Learned a level 1 spell: Animate Skeleton
   455 | D:1      | Reached XP level 2. HP: 14/20 MP: 1/4
   661 | D:1      | You fall into a shaft and drop 1 floor!
   704 | D:2      | Slain by an ooze

Levels and vault maps discovered:
D:1:      onia_arrival_mini_spirals, layout_basic, bh_walls_and_bars
D:2:      layout_basic, nicolae_overflow_hidden_temple, first_ration,
          dk_vineyard_1, minmay_tall_x

Action                   || total
-------------------------++-------
Melee: Spear             ||    37
 Cast: Pain              ||    19
 Stab: Sleeping          ||     1
Armor: Robe              ||    11
Dodge: Dodged            ||    23

Table legend:
 A = Non-vault XP
 B = Vault XP
 C = Vault XP percentage of total XP
 D = Non-vault monster count
 E = Vault monster count
 F = Vault count percentage of total count
                 A         B        C        D         E       F
            +---------+---------+-------+---------+---------+-------
      Total |      18 |       5 |  21.7 |       8 |       3 |  27.3
            +---------+---------+-------+---------+---------+-------
        D:1 |      18 |       0 |   0.0 |       8 |       0 |   0.0
        D:2 |       0 |       5 | 100.0 |       0 |       3 | 100.0
            +---------+---------+-------+---------+---------+-------
